AoeStats
← CrazyBen

Arabia

507060439Analyzed
4v4 RM · 16d ago on Sep 16, 2026· 21m 42s· 8 players
Game mode
Random Map
Map size
Large (8 player)
Population
200
Speed
Normal
Resources
Standard
Victory
Conquest
Starting age
Dark Age
Ending age
Imperial Age
RankedLock teamsTeams togetherTeam positionsShared explorationLock speedFull tech treeHidden civsTurbo modeCheats
Victory
Defeat
🇰🇷 Britons · South Korea
1465
+12
🇰🇷 Ethiopians · South Korea
1462
+12
🇰🇷 Huns · South Korea
1439
+13
🇭🇰 Magyars · Hong Kong SAR China
1398
+14
🇫🇷 Saracens · France
1423
-15
🇲🇽 Britons · Mexico
1409
-14
🇹🇼 Italians · Taiwan
1386
-13
🇹🇼 Magyars · Taiwan
1260
-9
crazy ant
6:22 Loom
8:58 Feudal Age
9:40 Double-Bit Axe
15:33 Horse Collar
17:16 Scale Barding Armor
GooGoo
9:26 Loom
11:12 Feudal Age
12:48 Horse Collar
12:53 Double-Bit Axe
15:47 Castle Age
15:35 Scale Barding Armor
남조선사람
6:35 Loom
8:51 Feudal Age
9:28 Double-Bit Axe
12:47 Horse Collar
15:47 Fletching
16:51 Padded Archer Armor
18:32 Wheelbarrow
21:40 Castle Age
20:19 Gold Mining
BaniWang
2:54 Loom
11:22 Feudal Age
19:53 Double-Bit Axe
20:16 Horse Collar
21:21 Fletching
21:59 Gold Mining
22:22 Padded Archer Armor
Marx
7:01 Loom
9:12 Feudal Age
16:17 Fletching
CrazyBen
腿短雞雞長
5:46 Loom
8:57 Feudal Age
9:28 Double-Bit Axe
11:52 Fletching
14:39 Horse Collar
21:58 Castle Age
19:55 Gold Mining
20:34 Padded Archer Armor
22:43 Wheelbarrow
父親的粉紅鐵拳
9:27 Feudal Age
11:24 Double-Bit Axe
12:21 Wheelbarrow
19:54 Loom
20:43 Bloodlines
Connection lost

Rejoining the realm…

Still unreachable

The connection could not be restored.

Session expired

The server has moved on; the page needs a fresh start.